 Dungeon Crawl Stone Soup version 0.29-a0-557-g43b9904bd1 (webtiles) character file.

Game seed: 5985306637291864149

6136 kae the Arsonist (level 10, -21/55 HPs)
             Began as a Deep Elf Fire Elementalist on June 8, 2022.
             Was a Priest of Vehumet.
             Demolished by a large slime creature (32 damage)
             ... on level 9 of the Dungeon.
             The game lasted 00:08:10 (9850 turns).

kae the Arsonist (Deep Elf Fire Elementalist)       Turns: 9850, Time: 00:08:10

Health: -21/55     AC: 12    Str:  7    XL:     10   Next: 59%
Magic:  14/25      EV: 14    Int: 28    God:    Vehumet [***...]
Gold:   722        SH:  4    Dex: 15    Spells: 7/27 levels left

rFire   + . .      SeeInvis .   (no weapon)
rCold   x . .      Faith    .   w - +0 buckler
rNeg    . . .      Spirit   .   x - +0 steam dragon scales
rPois   +          Reflect  .   A - +0 helmet {Int+3}
rElec   .          Harm     .   (no cloak)
rCorr   .          Rampage  .   o - +0 pair of gloves
Will    +....                   z - +0 pair of boots "Siol Caj" {rPois Str+2}
Stlth   ++........              c - amulet of regeneration
HPRegen 0.98/turn               f - +4 ring of protection
MPRegen 0.19/turn               m - ring of fire

@: no status effects
A: no striking features
a: Renounce Religion


You were on level 9 of the Dungeon.
You worshipped Vehumet.
Vehumet was most pleased with you.
You visited 2 branches of the dungeon, and saw 10 of its levels.
You also visited: Bailey.

You collected 722 gold pieces.

Inventory:

Missiles
 v - 3 throwing nets
Armour
 o - a +0 pair of gloves (worn)
 w - a +0 buckler (worn)
 x - +0 steam dragon scales (worn)
 z - the +0 pair of boots "Siol Caj" (worn) {rPois Str+2}
   (You found it in a bailey)

   Str:       It affects your strength (+2).
   rPois:     It protects you from poison.
 A - a +0 helmet of intelligence (worn)
Magical Staves
 h - a staff of air
Jewellery
 c - an amulet of regeneration (around neck)
 f - a +4 ring of protection (left hand)
 k - a ring of protection from cold
 m - a ring of fire (right hand)
 y - a ring of poison resistance
Wands
 u - a wand of flame (10)
Scrolls
 a - a scroll of fear {unknown}
 g - 2 scrolls of amnesia
 j - 2 scrolls of enchant weapon
 q - 2 scrolls of teleportation
 r - 2 scrolls of identify
Potions
 b - a potion of magic
 d - 4 potions of heal wounds
 e - 2 potions of haste
 i - 2 potions of attraction
 l - 5 potions of curing
 n - 4 potions of invisibility
 p - a potion of flight
 s - 4 potions of mutation
 t - a potion of might


   Skills:
 + Level 2.9 Fighting
 + Level 5.1 Dodging
 - Level 2.4 Stealth
 + Level 2.3 Shields
 + Level 9.2 Spellcasting
 * Level 10.2 Conjurations
 * Level 10.9 Fire Magic


You had 7 spell levels left.
You knew the following spells:

 Your Spells              Type           Power      Damage    Failure   Level
a - Foxfire               Conj/Fire      100%       2x1d9     1%          1
b - Scorch                Fire           100%       2d10      1%          2
c - Conjure Flame         Conj/Fire      83%        6-21      1%          3
d - Inner Flame           Hex/Fire       60%        N/A       1%          3
e - Flame Wave            Conj/Fire      83%        2d14      1%          4
f - Ignite Poison         Fire/Tmut/Pois 49%        N/A       1%          3
g - Sticky Flame          Conj/Fire      83%        2d9       1%          4

Your spell library contained the following spells:

 Spells                   Type           Power      Damage    Failure   Level
 Sandblast                Erth           24%        2d8       1%          1
 Static Discharge         Conj/Air       41%        N/A       1%          2
 Stone Arrow              Conj/Erth      82%        3d12      1%          3
 Frozen Ramparts          Ice            24%        1d4       4%          3
 Irradiate                Conj/Tmut      20%        3d20      5%          5
 Lightning Bolt           Conj/Air       20%        1d35      5%          5
 Ensorcelled Hibernation  Hex/Ice        24%        N/A       9%          2
 Passwall                 Tmut/Erth      10%        N/A       9%          2
 Sublimation of Blood     Necr           12%        N/A       9%          2
 Spider Form              Tmut/Pois      12%        N/A       17%         3
 Swiftness                Air            12%        N/A       17%         3
 Anguish                  Hex/Necr       6%         N/A       50%         4
 Ice Form                 Ice/Tmut       12%        N/A       50%         4
 Petrify                  Tmut/Erth      12%        N/A       50%         4
 Summon Ice Beast         Ice/Summ       12%        N/A       50%         4
 Summon Lightning Spire   Summ/Air       12%        N/A       50%         4
 Storm Form               Tmut/Air       6%         N/A       100%        7
 Maxwell's Capacitive Co  Air            6%         ∞         100%        8


Dungeon Overview and Level Annotations

Branches:
Dungeon (9/15)             Temple (1/1) D:4            Lair (0/6) D:9
 Bailey (visited)
    Orc: D:9-12

Altars:
Ashenzari
Cheibriados
Dithmenos
Elyvilon
Fedhas
Gozag
Hepliaklqana
Kikubaaqudgha
Makhleb
Nemelex Xobeh
Okawaru
Qazlal
Sif Muna
Trog
Uskayaw
Vehumet
Wu Jian
Xom
Yredelemnul
Zin

Shops:
D:2 [   D:7 (

Annotations:
D:3 1 runed translucent door, Crazy Yiuf
D:5 2 transporters, gabibbone's ghost, novice DrTm
D:7 exclusion: gargoyle
D:9 1 exclusion


Message History

Confirm with . or Enter, or press ? or * to list all spells.
You feel a surge of power!
You conjure some foxfire!
The killer bee buzzes angrily.
The large slime creature is engulfed in blazing flames.
The foxfire hits the large slime creature.
The large slime creature is lightly wounded.
The foxfire hits the large slime creature.
The large slime creature is burned terribly!
The large slime creature is moderately wounded.
Casting: Foxfire (safe; 1% risk of failure)
Confirm with . or Enter, or press ? or * to list all spells.
You feel a surge of power!
You conjure some foxfire!
A killer bee comes into view.
The large slime creature is engulfed in blazing flames.
The large slime creature hits you!!
Ouch! That really hurt!
The killer bee moves out of view.
A slime creature comes into view.
The foxfire hits the large slime creature!
The large slime creature is burned terribly!
The large slime creature is moderately wounded.
The foxfire hits the large slime creature.
The large slime creature is heavily wounded.
The large slime creature is engulfed in blazing flames.
The large slime creature hits you!
* * * LOW HITPOINT WARNING * * *
Casting: Foxfire (safe; 1% risk of failure)
Confirm with . or Enter, or press ? or * to list all spells.
You feel a surge of power!
Flames lash the killer bee.
The killer bee is almost dead.
The killer bee's fire resistance burns away.
You hear an angry buzzing noise.
The large slime creature is no longer more vulnerable to fire.
The large slime creature is engulfed in blazing flames.
The large slime creature completely misses you.
A killer bee comes into view.
The large slime creature is engulfed in blazing flames.
The large slime creature hits you!!
Ouch! That really hurt!
You die...

.........#
*,...y.,,,*
*******
.........#
*,..y,.,***
###'######
**#J#**** #..#
#.# #.## #J# **
#.# #y# *, #.#
#§# ****, #.#
#J## *,,,, #.#
#@.## *,,,, #.#
##..# *,,,,
##.# ##.# *,,,,
#.)# #.# *,,,,
#.## #.# *,,,,
#.# #.# ****,
#'########
#######'### *,,
.........#
#.........####
**##.#
.........#
#.........'..##
*.....


You could see a large slime creature, 2 slime creatures and 2 killer bees.

Vanquished Creatures
  A troll (D:9)
  2 slime creatures (D:9)
  Grinder (D:2)
  2 wyverns (D:9)
  2 steam dragons
  3 yaks (D:9)
  An acid dragon (D:9)
  Duvessa (D:6)
  6 orc warriors
  A sky beast (D:7)
  4 wolves (D:9)
  4 ice beasts
  2 ogres
  A centaur (D:9)
  4 kobold brigands (Bailey)
  A bullfrog (D:9)
  6 scorpions
  3 wights (D:5)
  Dowan (D:6)
  4 killer bees (D:8)
  3 howler monkeys
  4 electric eels (D:9)
  9 hounds
  2 jellies
  2 gnoll shamans (D:9)
  7 orc priests
  Jessica (D:2)
  An iguana (D:5)
  Terence (D:2)
  5 orc wizards
  Robin (D:3)
  10 adders
  16 gnolls
  A shadow imp (D:6)
  An ufetubus (D:5)
  A dart slug (D:2)
  25 orcs
  2 bats (D:1)
  7 endoplasms
  3 giant cockroaches
  12 goblins
  6 hobgoblins
  3 jackals (D:1)
  6 quokkas
  5 ball pythons
  8 frilled lizards
  22 kobolds
  8 rats
222 creatures vanquished.

Vanquished Creatures (others)
  634 foxfires
634 creatures vanquished.

Grand Total: 856 creatures vanquished

Notes
Turn   | Place    | Note
-------+----------+-------------------------------------------
     0 | D:1      | kae the Deep Elf Fire Elementalist began the quest for the
                  | Orb.
     0 | D:1      | Reached XP level 1. HP: 10/10 MP: 6/6
   283 | D:1      | Reached XP level 2. HP: 15/15 MP: 6/8
   767 | D:1      | Reached XP level 3. HP: 19/19 MP: 7/9
   770 | D:1      | Learned a level 2 spell: Scorch
   774 | D:1      | Learned a level 3 spell: Conjure Flame
  1204 | D:2      | Noticed Jessica
  1213 | D:2      | Killed Jessica
  1214 | D:2      | Reached XP level 4. HP: 16/24 MP: 5/11
  1543 | D:2      | Found Pitoireh's Antique Armour Boutique.
  1900 | D:2      | Reached XP level 5. HP: 28/28 MP: 9/13
  2116 | D:3      | Noticed Grinder
  2125 | D:3      | Noticed Robin
  2138 | D:2      | Killed Grinder
  2139 | D:2      | Reached skill level 5 in Fire Magic
  2139 | D:2      | Reached XP level 6. HP: 23/32 MP: 3/15
  2248 | D:3      | Killed Robin
  2355 | D:3      | Noticed Terence
  2443 | D:2      | Killed Terence
  2603 | D:3      | Reached skill level 5 in Spellcasting
  2984 | D:3      | Found a runed translucent door.
  2985 | D:3      | Noticed Crazy Yiuf
  3582 | D:4      | Reached skill level 5 in Conjurations
  3582 | D:4      | Reached XP level 7. HP: 33/36 MP: 10/16
  3586 | D:4      | Learned a level 3 spell: Inner Flame
  3591 | D:4      | Learned a level 4 spell: Flame Wave
  3808 | D:4      | Found a staircase to the Ecumenical Temple.
  3820 | Temple   | Entered the Ecumenical Temple
  3976 | Temple   | Became a worshipper of Vehumet
  4251 | D:5      | Entered Level 5 of the Dungeon
  4646 | D:5      | Reached XP level 8. HP: 14/41 MP: 10/19
  4785 | D:5      | Found a transporter.
  4797 | D:5      | Found a transporter.
  4803 | D:5      | Noticed gabibbone's ghost (novice DrTm)
  4931 | D:5      | Reached * piety under Vehumet
  4931 | D:5      | Offered knowledge of Freeze by Vehumet.
  5018 | D:5      | Found an ancient bone altar of Kikubaaqudgha.
  5148 | D:5      | Found a shadowy altar of Dithmenos.
  5148 | D:5      | Found an iron altar of Okawaru.
  5149 | D:5      | Found a broken altar of Ashenzari.
  5956 | D:6      | Noticed Duvessa
  5959 | D:6      | Noticed Dowan
  5975 | D:6      | Killed Duvessa
  5978 | D:6      | Killed Dowan
  6101 | D:6      | Reached XP level 9. HP: 32/45 MP: 18/22
  6551 | D:7      | Found Yluss's Antique Weapon Shop.
  6750 | D:7      | Noticed a gargoyle
  7249 | D:8      | Reached skill level 1 in Fighting
  7352 | D:8      | Reached ** piety under Vehumet
  8062 | D:9      | Offered knowledge of Poisonous Vapours by Vehumet.
  8077 | D:9      | Found a flagged portal.
  8203 | Bailey   | Entered a bailey
  8429 | Bailey   | Reached skill level 1 in Shields
  8438 | Bailey   | Reached skill level 10 in Fire Magic
  8525 | Bailey   | Found an iron altar of Okawaru.
  8537 | Bailey   | Identified the +0 pair of boots "Siol Caj" {rPois Str+2}
  8625 | D:9      | Offered knowledge of Ignite Poison by Vehumet.
  8714 | D:9      | Learned a level 3 spell: Ignite Poison
  8750 | D:9      | Reached XP level 10. HP: 35/53 MP: 12/24
  9059 | D:9      | Reached *** piety under Vehumet
  9372 | D:9      | Offered knowledge of Sticky Flame by Vehumet.
  9417 | D:9      | Learned a level 4 spell: Sticky Flame
  9553 | D:9      | Reached skill level 10 in Conjurations
  9723 | D:9      | Reached skill level 5 in Dodging
  9735 | D:9      | Found a staircase to the Lair.
  9850 | D:9      | Demolished by a large slime creature

Illustrated notes

Levels and vault maps discovered:
D:1:      grunt_arrival_lava_bath, layout_rooms
D:2:      layout_rooms, serial_shops, shop, minivault_11, minmay_pentomino_pile,
          uniq_jessica
D:3:      layout_rooms, hex_intersection, amethyst_killhole, uniq_robin,
          uniq_grinder, uniq_crazy_yiuf_cottage, uniq_terence
D:4:      nicolae_cairo_tiling_very_big, layout_rooms, temple_fountains
D:5:      layout_basic, chequers_temple_overflow_statue_of_worship,
          gammafunk_ghost_stat_death, serial_bayou_pond_d, minmay_diced_spiral
D:6:      layout_cave_pods, uniq_duvessa
D:7:      layout_rooms, serial_shops, shop,
          hellmonk_guarded_unrand_vitality_bloodlust
D:8:      layout_gridville
D:9:      layout_roguey, erik_lair_island, enter_bailey_3
Temple:   nicolae_temple_elliptical

Skill      XL: |  1  2  3  4  5  6  7  8  9 10 |
---------------+-------------------------------+-----
Conjurations   | 2 3 4 5 6 8 9 10 | 10.2
Fire Magic     | 4 5 6 7 8 10 | 10.9
Spellcasting   | 4 5 6 7 8 9 |  9.2
Dodging        | 4 5 |  5.1
Fighting       | 2 |  2.9
Shields        | 1 2 |  2.3
Stealth        | |  2.4

Action                   |  1- 3 |  4- 6 |  7- 9 | 10-12 || total
-------------------------+-------+-------+-------+-------++-------
 Cast: Foxfire           |    66 |    79 |   179 |    48 ||   372
       Scorch            |       |    23 |    65 |    48 ||   136
       Flame Wave        |       |       |     5 |     1 ||     6
       Conjure Flame     |       |       |     2 |     9 ||    11
       Inner Flame       |       |       |     2 |       ||     2
  Use: Scroll            |     4 |     6 |    11 |       ||    21
       Potion            |       |     1 |       |       ||     1
Armor: Robe              |     7 |     5 |    24 |       ||    36
       Steam dragon scal |       |       |    18 |    10 ||    28
Dodge: Dodged            |    31 |    16 |    65 |    37 ||   149
Block: Buckler           |       |       |     7 |     7 ||    14

Table legend: (Time is in decaauts)
 A = Elapsed time spent in this place.
 B = Non-inter-level travel time spent in this place.
 C = Inter-level travel time spent in this place.
 D = Time resting spent in this place.
 E = Time spent auto-exploring this place.
 F = Levels seen in this place.
 G = Mean time per level.
                   A        B        C        D        E       F      G
               +--------+--------+--------+--------+--------+-----+--------+
         Total |   9848 |   9483 |    365 |    619 |   7038 |  11 |  895.3 |
       Dungeon |   9297 |   8971 |    326 |    551 |   6749 |   9 | 1033.0 |
        Temple |    178 |    139 |     39 |      0 |    123 |   1 |  178.0 |
        Bailey |    372 |    372 |      0 |     68 |    166 |   1 |  372.0 |
               +--------+--------+--------+--------+--------+-----+--------+

Top non-repeatable levels by time:
     D:9: 1450 daAuts
     D:5: 1238 daAuts
     D:2: 1192 daAuts
     D:3: 1139 daAuts
     D:1: 1046 daAuts
     D:6: 966 daAuts
     D:8: 953 daAuts
     D:4: 720 daAuts
     D:7: 590 daAuts
  Bailey: 372 daAuts
  Temple: 178 daAuts
